 Dungeon Crawl Stone Soup version 0.26.1-11-gd32895ea62 (webtiles) character file.

Game seed: 7276240671871480794

142 Zeld the Slasher (level 5, -2/26 (38) HPs)
             Began as a Human Gladiator on June 4, 2021.
             Slain by Dowan
             ... wielding a +0 dagger
              (4 damage)
             ... on level 3 of the Dungeon.
             The game lasted 00:02:57 (3440 turns).

Zeld the Slasher (Human Gladiator)                  Turns: 3440, Time: 00:02:57

HP:   -2/26 (38)    AC:  5    Str: 15    XL:     5   Next: 49%
MP:   5/5           EV: 13    Int:  9    God:
Gold: 96            SH:  0    Dex: 14    Spells: 4/4 levels left

rFire    . . .     SeeInvis .   a - +0 long sword
rCold    . . .     Faith    .   (no shield)
rNeg     . . .     Spirit   .   b - +0 leather armour
rPois    .         Reflect  .   c - +0 helmet
rElec    .         Harm     .   (no cloak)
rCorr    .         Rampage  .   m - +0 pair of gloves
Will     .....                  (no boots)
Stlth    +.........             (no amulet)
HPRegen  0.08/turn              (no ring)
MPRegen  0.09/turn              (no ring)

@: very heavily drained
A: no striking features
a: no special abilities


You were on level 3 of the Dungeon.
You visited 1 branch of the dungeon, and saw 5 of its levels.

You collected 96 gold pieces.

Inventory:

Hand Weapons
 a - a +0 long sword (weapon)
Missiles
 d - 3 throwing nets
 h - 13 poisoned darts (quivered)
Armour
 b - a +0 leather armour (worn)
 c - a +0 helmet (worn)
 m - a +0 pair of gloves (worn)
Jewellery
 e - a +6 ring of intelligence {unknown}
Wands
 l - a wand of random effects (6)
Scrolls
 f - a scroll of noise {unknown}
 i - a scroll of remove curse {unknown}
 j - a scroll of fog {unknown}
 k - 2 scrolls of identify {unknown}
Potions
 g - a potion of curing {unknown}


   Skills:
 - Level 2.0 Fighting
 * Level 5.8 Long Blades
 - Level 2.0 Throwing
 - Level 3.0 Dodging


You had 4 spell levels left.
You didn't know any spells.
Your spell library was empty.

Dungeon Overview and Level Annotations

Branches:
Dungeon (5/15)
 Temple: D:4-7

Altars:
Cheibriados
Dithmenos
Kikubaaqudgha
Nemelex Xobeh
Qazlal
Trog
Xom
Zin

Annotations:
D:3 Dowan, Duvessa


Message History

Unknown command.
Duvessa hits you with a +1 short sword of draining.
You feel drained.
* * * LOW HITPOINT WARNING * * *
Dowan hits you with a +0 dagger.
* * * LOW HITPOINT WARNING * * *
You climb upwards.
There is a stone staircase leading down, spattered with blood here.
You see here a +0 club.
You hit Duvessa but do no damage.
Duvessa is almost dead.
Dowan barely misses you.
You riposte.
You closely miss Dowan. Duvessa misses you.
Unknown command.
You hit Duvessa but do no damage.
Duvessa is almost dead.
Duvessa hits you with a +1 short sword of draining.
* * * LOW HITPOINT WARNING * * *
You feel drained. Dowan hits you with a +0 dagger.
You die...

###..###.####.# ####....#
#...##†######
#.......###.#.##).....#
...##........#.#######.#
## #...##.###.# #..<##.#
#.# ## ##....#.###.# ..
#........##e# ..
#.....##.##@#
###.....##.##e########
.......).........<...#
####...............##>#
#.####.(...##.##.###.##.#
.................#
#.##)########
#.............####
#..).[.......
..#######.###
####[######## ..# #. #.#


You could see Duvessa and Dowan.

Vanquished Creatures
  2 worker ants (D:4)
  4 gnolls
  2 adders (D:3)
  A worm (D:3)
  A leopard gecko (D:3)
  5 orcs
  A ball python (D:3)
  2 bats
  4 giant cockroaches
  A goblin (D:2)
  A hobgoblin (D:2)
  3 kobolds (D:3)
  4 frilled lizards
31 creatures vanquished.

Notes
Turn   | Place    | Note
-------+----------+-------------------------------------------
     0 | D:1      | Zeld the Human Gladiator began the quest for the Orb.
     0 | D:1      | Reached XP level 1. HP: 16/16 MP: 1/1
   427 | D:2      | Reached XP level 2. HP: 22/22 MP: 2/2
   439 | D:2      | Found a faded altar of an unknown god.
   668 | D:3      | Reached skill level 4 in Long Blades
   668 | D:3      | Reached XP level 3. HP: 18/27 MP: 3/3
  1174 | D:4      | Noticed Duvessa
  1567 | D:3      | Reached XP level 4. HP: 26/33 MP: 4/4
  1941 | D:4      | Reached skill level 5 in Long Blades
  2535 | D:4      | Reached XP level 5. HP: 17/38 MP: 5/5
  2798 | D:4      | Noticed Dowan
  2832 | D:5      | Entered Level 5 of the Dungeon
  3234 | D:5      | Found a snail-covered altar of Cheibriados.
  3249 | D:5      | Found a bloodstained altar of Trog.
  3249 | D:5      | Found a shimmering altar of Xom.
  3249 | D:5      | Found a shadowy altar of Dithmenos.
  3345 | D:4      | Found a glowing silver altar of Zin.
  3348 | D:4      | Found an ancient bone altar of Kikubaaqudgha.
  3351 | D:4      | Found a sparkling altar of Nemelex Xobeh.
  3354 | D:4      | Found a stormy altar of Qazlal.
  3440 | D:3      | Slain by Dowan

Illustrated notes

Levels and vault maps discovered:
D:1:      dpeg_arrival_chambers_temple_mockup, layout_basic,
          hangedman_decor_push
D:2:      layout_loops_ring, chequers_ecumenical_altar_twisty
D:3:      layout_loops_ring, uniq_sigmund
D:4:      layout_rooms, grunt_temple_overflow_cloverleaf, dk_noncrumbling_2,
          uniq_duvessa
D:5:      layout_loops_ring, kennysheep_mini, gammafunk_temple_overflow_claw,
          minmay_temple_entry_ruins, serial_shops, nicolae_shop_stone,
          grunt_decor_cap, nicolae_ru_great_annihilating_truth

Skill      XL: |  1  2  3  4 |
---------------+-------------+-----
Long Blades    | 4 5 |  5.8
Fighting       | |  2.0
Throwing       | |  2.0
Dodging        | |  3.0

Action                   |  1- 3 |  4- 6 || total
-------------------------+-------+-------++-------
Melee: Long sword        |    61 |    54 ||   115
 Stab: Sleeping          |     1 |       ||     1
Armor: Leather armour    |    14 |    18 ||    32
Dodge: Dodged            |    59 |    50 ||   109
       Rpst.: Long sword |    19 |    14 ||    33
